 Dungeon Crawl Stone Soup version 0.24.0-125-gc4c63601f3 (webtiles) character file.

Game seed: 8426014748318394060, levelgen mode: deterministic

48 mortelune the Grasshopper (level 4, 0/30 HPs)
             Began as a Halfling Warper on Mar 21, 2020.
             Slain by a bat (1 damage)
             ... on level 3 of the Dungeon.
             The game lasted 00:05:56 (1776 turns).

mortelune the Grasshopper (Halfling Warper)         Turns: 1776, Time: 00:05:56

Health: 0/30       AC:  0    Str: 13    XL:     4   Next: 0%
Magic:  6/6        EV: 14    Int: 11    God:
Gold:   68         SH:  0    Dex: 13    Spells: 2/6 levels left

rFire    . . .     SeeInvis .   a - +0 short sword
rCold    . . .     Gourm    .   (shield restricted)
rNeg     . . .     Faith    .   l - +0 leather armour
rPois    .         Spirit   .   i - +0 helmet
rElec    .         Reflect  .   (no cloak)
rCorr    .         Harm     .   (no gloves)
MR       .....                  (no boots)
Stlth    +.........             (no amulet)
HPRegen  0.10/turn              k - -4 ring of protection
MPRegen  0.10/turn              (no ring)

@: no status effects
A: small, mutation resistance 1
a: no special abilities


You were on level 3 of the Dungeon.
You were hungry.

You visited 1 branch of the dungeon, and saw 4 of its levels.

You collected 68 gold pieces.

Inventory:

Hand Weapons
 a - a +0 short sword (weapon)
 b - a +1 hunting sling
Missiles
 o - a stone (quivered)
Armour
 i - a +0 helmet (worn)
 l - a +0 leather armour (worn)
Jewellery
 k - a -4 ring of protection (left hand)
Scrolls
 c - 2 scrolls of remove curse
Comestibles
 f - 4 rations


   Skills:
 + Level 2.3 Fighting
 - Level 3.4 Short Blades
 + Level 0.9(1.3) Slings
 - Level 1.0(1.1) Throwing
 + Level 2.0 Armour
 - Level 2.1 Dodging
 - Level 1.5 Spellcasting
 + Level 3.5 Translocations


You had 2 spell levels left.
You knew the following spells:

 Your Spells              Type           Power        Failure   Level  Hunger
a - Blink                 Tloc           N/A          14%         2    ###....
b - Shroud of Golubria    Chrm/Tloc      #.....       28%         2    ###....

Your spell library contained the following spells:

 Spells                   Type           Power        Failure   Level  Hunger
 Gell's Gravitas          Tloc           #.........   26%         3    ####...
 Lesser Beckoning         Tloc           #.........   26%         3    ####...
 Teleport Other           Tloc           #.......     26%         3    ####...
 Passage of Golubria      Tloc           N/A          65%         4    #####..


Dungeon Overview and Level Annotations

Branches:
Dungeon (4/15)
 Temple: D:4-7

Altars:


Innate Abilities, Weirdness & Mutations

You are small and have problems with some larger weapons.
You are somewhat resistant to further mutation.


Message History

A frilled lizard comes into view.
The orc misses you. The bat barely misses you.
There is an open door here.
The bat barely misses you. The bat hits you.
* * * LOW HITPOINT WARNING * * *
Found an escape hatch in the floor.
The bat closely misses you.
The frilled lizard hisses angrily.
The bat closely misses you.
The frilled lizard hisses.
The bat closely misses you. The bat hits you.
* * * LOW HITPOINT WARNING * * *
The bat hits you.
* * * LOW HITPOINT WARNING * * *
The bat closely misses you. The bat hits you.
You die...

### .# #≈≈≈≈≈. .##
#≈≈≈≈≈# # o.#
##≈≈≈≈.##.# . #'##
#≈≈≈≈≈....# .. ...#
#≈≈≈≈≈.##.##...
...#######≈≈≈≈.........
.......88≈≈≈≈≈88...#
...#.....ool....@..#
...#..........lb...#
...##..88≈≈≈≈≈88...#
...#####≈≈≈≈≈.........
.... #≈≈≈≈≈..######..
..#. #≈≈≈≈#..# # ##
#≈≈≈≈≈#.... #≈≈≈≈≈#+###


You could see 2 orcs, a bat and 2 frilled lizards.

Vanquished Creatures
  A worm (D:2)
  A dart slug (D:2)
  2 leopard geckos (D:1)
  3 orcs
  6 bats
  3 giant cockroaches
  4 goblins
  3 hobgoblins (D:1)
  3 jackals (D:2)
  4 kobolds (D:1)
  2 frilled lizards (D:1)
  A rat (D:1)
33 creatures vanquished.

Notes
Turn   | Place    | Note
-------+----------+-------------------------------------------
     0 | D:1      | mortelune the Halfling Warper began the quest for the Orb.
     0 | D:1      | Reached XP level 1. HP: 14/14 MP: 3/3
   114 | D:1      | Reached XP level 2. HP: 17/19 MP: 4/4
   255 | D:1      | Learned a level 2 spell: Blink
   258 | D:1      | Learned a level 2 spell: Shroud of Golubria
   494 | D:1      | Reached XP level 3. HP: 20/24 MP: 5/5
  1266 | D:2      | You fall into a shaft and drop 2 floors!
  1285 | D:4      | Noticed a scorpion
  1746 | D:3      | Reached XP level 4. HP: 12/30 MP: 6/6
  1774 | D:3      | HP: 1/30 [bat (1)]
  1776 | D:3      | Slain by a bat

Levels and vault maps discovered:
D:1:      giann_wishing_wells, layout_rooms
D:2:      layout_loops_cross, first_ration, dk_xom_monty_hall
D:3:      wander_river, layout_basic, gup_sewer_entry_spiral
D:4:      layout_loops_ring, uniq_natasha

Skill      XL: |  1  2  3 |
---------------+----------+-----
Fighting       | 2 |  2.3
Short Blades   | 3 |  3.4
Armour         | 2 |  2.0
Slings         | |  0.9
Throwing       | |  1.0
Dodging        | |  2.1
Spellcasting   | |  1.5
Translocations | |  3.5

Action                   |  1- 3 |  4- 6 || total
-------------------------+-------+-------++-------
Melee: Short sword       |   110 |       ||   110
 Fire: Hunting sling     |    25 |       ||    25
Throw: Boomerang         |     5 |       ||     5
  Use: Scroll            |     2 |     2 ||     4
       Potion            |     4 |       ||     4
  Eat: Chunk             |     2 |       ||     2
Armor: Leather armour    |    14 |       ||    14
Dodge: Dodged            |    97 |    12 ||   109
